 Dungeon Crawl Stone Soup version 0.31.0 (webtiles) character file.

Game seed: 1450541737510527866

79 gelatine the Covered (level 4, -4/40 HPs)
             Began as a Minotaur Fighter on Jan 19, 2024.
             Slain by a gnoll
             ... wielding a +0 halberd
              (9 damage)
             ... on level 2 of the Dungeon.
             The game lasted 00:01:43 (1151 turns).

gelatine the Covered (Minotaur Fighter)             Turns: 1151, Time: 00:01:44

Health: -4/40      AC:  8    Str: 22    XL:     4   Next: 16%
Magic:  3/3        EV:  9    Int:  5    God:
Gold:   87         SH:  4    Dex: 10    Spells: 3/3 levels left

rFire   . . .        a - +0 war axe
rCold   . . .        c - +0 buckler
rNeg    . . .        b - +0 scale mail
rPois   .            (helmet restricted)
rElec   .            (no cloak)
rCorr   .            i - +0 pair of gloves
SInv    .            (no boots)
Will    .....        (no amulet) Stlth
                     (no ring)
HPRegen 0.26/turn    (no ring)
MPRegen 0.08/turn

%: no passive effects
@: no status effects
A: horns 2, retaliatory headbutt
a: no special abilities


You were on level 2 of the Dungeon.
You visited 1 branch of the dungeon, and saw 2 of its levels.

You collected 87 gold pieces.

Inventory:

Hand Weapons
 a - a +0 war axe (weapon)
Armour
 b - a +0 scale mail (worn)
 c - a +0 buckler (worn)
 i - a +0 pair of gloves (worn)
Scrolls
 e - 2 scrolls of identify {unknown}
 g - a scroll of enchant armour {unknown}
 j - a scroll of immolation {unknown}
 k - a scroll of poison {unknown}
 m - a scroll of teleportation {unknown}
Potions
 d - a potion of might
 f - a potion of enlightenment {unknown}
 h - a potion of curing {unknown}
 l - a potion of attraction {unknown}


   Skills:
 * Level 4.2 Fighting
 * Level 3.5 Axes
 * Level 4.4 Armour
 * Level 0.9 Dodging
 * Level 4.1 Shields


You had 3 spell levels left.
You didn't know any spells.
Your spell library contained the following spells:

 Spells                   Type           Power      Damage    Failure   Level
 Ensorcelled Hibernation  Hex/Ice        0%         N/A       94%         2
 Passwall                 Erth           0%         N/A       99%         3
 Swiftness                Air            0%         N/A       99%         3


Dungeon Overview and Level Annotations

Branches:
Dungeon (2/15)

Altars:


Innate Abilities, Weirdness & Mutations

You have a pair of horns on your head.
You reflexively headbutt those who attack you in melee.


Message History

The adder hisses angrily.
The hobgoblin hits you but does no damage.
You slash the hobgoblin!
You kill the hobgoblin!
The gnoll throws a throwing net.
You block the throwing net. The gnoll hits you with a +0 club.
You closely miss the gnoll. The gnoll hits you but does no damage.
You block the gnoll's attack.
You closely miss the gnoll. You headbutt the gnoll!
The gnoll is heavily wounded.
You block the gnoll's attack.
Unknown command.
You barely miss the gnoll.
You headbutt the gnoll, but do no damage.
The gnoll is heavily wounded.
The gnoll hits you but does no damage.
You hit the gnoll.
You kill the gnoll!
You block the adder's attack.
The gnoll hits you from afar with a +0 halberd.
You have reached level 4!
You feel agile.
You barely miss the adder. The adder barely misses you.
The gnoll barely misses you. The adder closely misses you.
You barely miss the adder. Your headbutt misses the adder.
The gnoll hits you from afar with a +0 halberd.
You block the adder's attack.
The gnoll hits you from afar with a +0 halberd!
* * * LOW HITPOINT WARNING * * *
You slash the adder!
You kill the adder!
The gnoll throws a stone.
The stone hits you but does no damage. The gnoll hits you with a +0 halberd.
* * * LOW HITPOINT WARNING * * *
Things that are here:
a +0 club; an adder corpse You hit the gnoll.
The gnoll is lightly wounded.
The gnoll hits you with a +0 halberd!
You die...

###..#
#.#.........#
##.##
#############
#...+ #.'.S
#..### ##$.#
###..# ##.#
#..### ##.#).#
###..#
##.#..g..#
#..###
##g#..#..##
###..#
##@#..#.##..#
#..#####.#..#.##
.##
###..##(#..#.##
. #..##.#..#.##
# ###..#..#.##
#.....#.##
###..#.## ..#.##
#..##


You could see a gnoll.

Vanquished Creatures
  3 gnolls (D:2)
  2 adders (D:2)
  A dart slug (D:1)
  4 bats (D:1)
  4 endoplasms (D:1)
  2 giant cockroaches (D:1)
  2 goblins
  4 hobgoblins
  2 quokkas (D:1)
  3 ball pythons
  A frilled lizard (D:1)
  A kobold (D:2)
  2 rats (D:1)
31 creatures vanquished.

Notes
Turn   | Place    | Note
-------+----------+-------------------------------------------
     0 | D:1      | gelatine the Minotaur Fighter began the quest for the Orb.
     0 | D:1      | Reached XP level 1. HP: 19/19 MP: 0/0
   373 | D:1      | Reached XP level 2. HP: 27/27 MP: 1/1
   986 | D:2      | Reached XP level 3. HP: 30/33 MP: 2/2
  1147 | D:2      | Reached XP level 4. HP: 21/40 MP: 3/3
  1151 | D:2      | Slain by a gnoll

Illustrated notes

Levels and vault maps discovered:
D:1:      amcnicky_arrival_double_pillar, layout_basic, moated_statue
D:2:      minmay_razor_zed, layout_loops_ring

Skill      XL: |  1  2 |
---------------+-------+-----
Fighting       | 4 |  4.2
Armour         | 4 |  4.4
Shields        | 4 |  4.1
Axes           | 3 |  3.5
Dodging        | |  0.9

Action                     |  1- 3 |  4- 6 || total
---------------------------+-------+-------++-------
  Melee: War axe           |    50 |     4 ||    54
         Headbutt          |    10 |       ||    10
 Armour: Scale mail        |    41 |     5 ||    46
  Dodge: Dodged            |    20 |     3 ||    23
  Block: Buckler           |    10 |     1 ||    11
